 Dungeon Crawl Stone Soup version 0.30.0-5-g1a98f26d00 (webtiles) character file.

Game seed: 656539734931516365

9255 Adrian566 the Severer (level 11, -24/97 HPs)
             Began as a Hill Orc Fighter on May 9, 2023.
             Was a High Priest of Beogh.
             Killed from afar by an orc sorcerer (37 damage)
             ... with a bolt of fire
             ... on level 2 of the Orcish Mines.
             The game lasted 00:12:31 (8492 turns).

Adrian566 the Severer (Hill Orc Fighter)            Turns: 8492, Time: 00:12:32

Health: -24/97     AC: 20    Str: 24    XL:     11   Next: 43%
Magic:  11/11      EV:  8    Int:  8    God:    Beogh [*****.]
Gold:   771        SH:  5    Dex: 10    Spells: 10/10 levels left

rFire   . . .        a - +1 war axe (heavy)
rCold   . . .        c - +0 buckler
rNeg    . . .        K - +0 plate armour
rPois   +            e - +0 helmet
rElec   .            d - +0 cloak
rCorr   .            (no gloves)
SInv    .            (no boots)
Will    .....        w - amulet of regeneration Stlth
                     p - +4 ring of protection
HPRegen 1.16/turn    b - ring of poison resistance
MPRegen 0.12/turn

%: no passive effects
@: mighty
A: walk on water
a: Renounce Religion, Smiting, Recall Orcish Followers, Give Item to Named
Follower


You were on level 2 of the Orcish Mines.
You worshipped Beogh.
Beogh was extremely pleased with you.
You visited 2 branches of the dungeon, and saw 12 of its levels.
You also visited: Volcano.

You collected 895 gold pieces.
You spent 124 gold pieces at shops.

Inventory:

Hand Weapons
 a - a +1 heavy war axe (weapon)
Missiles
 B - a throwing net
Armour
 c - a +0 buckler (worn)
 d - a +0 cloak (worn)
 e - a +0 helmet (worn)
 K - a +0 plate armour (worn)
Jewellery
 b - a ring of poison resistance (right hand)
 p - a +4 ring of protection (left hand)
 w - an amulet of regeneration (around neck)
 x - a ring of resist corrosion
 A - a ring of positive energy
Wands
 t - a wand of digging (3)
 y - a wand of mindburst (14)
 z - a wand of paralysis (8)
 C - a wand of polymorph (3)
 D - a wand of flame (12) (quivered)
 E - a wand of roots (12)
Scrolls
 f - 4 scrolls of teleportation
 h - 3 scrolls of magic mapping
 j - 2 scrolls of identify
 k - a scroll of brand weapon
 o - 2 scrolls of vulnerability
 H - 2 scrolls of amnesia
 I - a scroll of poison
 J - 2 scrolls of enchant armour
Potions
 g - 2 potions of haste
 i - 2 potions of attraction
 m - 4 potions of curing
 n - a potion of berserk rage
 q - a potion of flight
 r - 2 potions of magic
 s - 3 potions of cancellation
 u - 2 potions of mutation
 M - a potion of degeneration


   Skills:
 + Level 9.3 Fighting
 + Level 15.2 Axes
 + Level 8.0 Armour
 + Level 5.2 Dodging
 + Level 2.6 Stealth
 + Level 6.3 Shields
 + Level 1.0 Evocations


You had 10 spell levels left.
You didn't know any spells.
Your spell library contained the following spells:

 Spells                   Type           Power      Damage    Failure   Level
 Poisonous Vapours        Pois/Air       0%         N/A       100%        2
 Mephitic Cloud           Conj/Pois/Air  0%         N/A       100%        3
 Ozocubu's Armour         Ice            0%         N/A       100%        3
 Volatile Blastmotes      Fire/Tloc      0%         2d10      100%        3
 Fulminant Prism          Conj/Hex       0%         3d5       100%        4
 Iskenderun's Mystic Bla  Conj/Tloc      0%         2d3       100%        4
 Freezing Cloud           Conj/Ice/Air   0%         6-21      100%        5
 Lee's Rapid Deconstruct  Erth           0%         3d4*      100%        5
 Metabolic Englaciation   Hex/Ice        0%         N/A       100%        5
 Simulacrum               Ice/Necr       0%         N/A       100%        6


Dungeon Overview and Level Annotations

Branches:
Dungeon (10/15)            Temple (0/1) D:4            Lair (0/5) D:8
    Orc (2/2) D:9         Volcano (visited)
    Elf: Orc:2

Altars:
Ashenzari
Cheibriados
Dithmenos
Elyvilon
Kikubaaqudgha
Okawaru
Qazlal
Ru
Sif Muna
Trog
Uskayaw
Vehumet
The Shining One

Shops:
D:2 *   D:7 !   D:8 :*

Annotations:
D:10 Fannar


Message History

Your orc warrior barely misses the orc sorcerer.
An orc knight comes into view. It is wielding a +0 battleaxe.
Your orc hits the orc sorcerer with a +0 mace.
The orc sorcerer barely misses you. The chaos spawn closely misses you.
Your orc warrior closely misses the orc sorcerer.
Your orc hits the orc sorcerer but does no damage.
The orc high priest calls upon Beogh to heal the orc sorcerer.
The orc sorcerer is healed somewhat.
An orc knight comes into view. It is wielding a +0 battleaxe.
The orc knight roars a battlecry!
The orcs go into a battle-frenzy!
The orc sorcerer hits your orc with a +0 dagger!
Your orc dies!
An orc warrior comes into view. It is wielding a +0 flail.
The orc warrior stares at you in amazement and kneels.
It asks, "Are you our saviour?"
The orc sorcerer shouts!
You hear a shout! x2
You feel very mighty all of a sudden.
Your orc priest begins to cast a cantrip, but forgets the words!
The chaos spawn hits you!
* * * LOW HITPOINT WARNING * * *
You are engulfed in flames!
* * * LOW HITPOINT WARNING * * *
Your orc warrior hits the orc knight with a +0 flail.
The orc high priest hits your orc with a +0 battleaxe!
Your orc dies!
Your orc warrior hits the orc sorcerer with a +0 dire flail!
The orc knight roars a battlecry!
The orc sorcerer hits your orc warrior with a +0 dagger!
Your orc warrior dies!
The orc sorcerer shouts!
You slash the orc sorcerer!
You kill the orc sorcerer!
Beogh accepts your kill.
The chaos spawn degenerates into a cloud of primal chaos!
Marbork looks more experienced.
The orc sorcerer points at you and mumbles some strange words.
The bolt of fire hits Marbork!!
The bolt of fire hits you!!!
You die...
Beogh appreciates the orc sorcerer's killing of a heretic priest.

##...##..........
##................
##.....)...<.).....
#.........o).$).)..
#........$.#....##
#.....)#.....#####
#....)))....##...###
............##4§o...##
....$..).#.##o@ooo{..#
.......o..)#...)##o.o.
...^....o.##...## .
........o.#)...#
#.........))..##
....#........#
.#...........#
...$........#
............#


You could see 2 orc knights, an orc high priest (strong, ally target), a rust
devil (summoned), an orc sorcerer (strong, ally target), the friendly Marbork
the orc knight (strong), a friendly orc warrior (strong) and a friendly orc
priest (strong).

Vanquished Creatures
  2 two-headed ogres
  An orc sorcerer (Orc:2)
  2 trolls
  A wyvern (D:8)
  4 steam dragons
  Grum (D:8)
  7 orc warriors
  2 sky beasts (D:6)
  3 ice beasts
  3 black bears
  3 ogres
  5 wolves (D:8)
  A phantom (D:5)
  3 kobold brigands
  Blork the orc (D:5)
  3 bullfrogs
  2 scorpions (D:6)
  A gnoll sergeant (D:6)
  7 wights
  2 troll zombies (D:9)
  6 howler monkeys
  5 electric eels (D:8)
  13 hounds
  4 jellies
  6 orc priests
  Crazy Yiuf (D:2)
  Ijyb (D:5)
  6 iguanas
  13 orc wizards
  A sleepcap (D:6)
  3 ogre zombies (D:9)
  7 gnolls (D:2)
  6 adders
  A shadow imp (D:6)
  2 white imps
  2 ufetubi (D:5)
  2 worms
  6 dart slugs
  23 orcs
  5 bats
  3 endoplasms
  2 giant cockroaches
  8 goblins
  9 hobgoblins
  2 quokkas (D:2)
  5 ball pythons
  2 frilled lizards
  2 goblin skeletons (D:9)
  4 goblin zombies (D:9)
  2 hobgoblin skeletons (D:9)
  19 kobolds
  3 orc skeletons (D:9)
  9 orc zombies (D:9)
  6 rats
243 creatures vanquished.

Vanquished Creatures (collateral kills)
  A hell hog (Orc:1)
  A lindwurm (Orc:1)
  A troll (D:9)
  A wyvern (D:9)
  A shadow (D:9)
  A steam dragon (D:9)
  A water moccasin (D:9)
  6 orc warriors
  An ogre (Orc:2)
  A phantom (D:9)
  4 wights (D:9)
  5 orc priests
  2 orc wizards
  2 ogre zombies (D:9)
  8 orcs
  3 hobgoblin skeletons (D:9)
  A kobold (D:8)
  2 orc zombies (D:9)
42 creatures vanquished.

Vanquished Creatures (others)
  6 orc warriors
  A scorpion (D:4)
  4 orc wizards
  2 orc priests
  20 orcs
  A ball python (D:4)
34 creatures vanquished.

Grand Total: 319 creatures vanquished

Notes
Turn   | Place    | Note
-------+----------+-------------------------------------------
     0 | D:1      | Adrian566 the Hill Orc Fighter began the quest for the Orb.
     0 | D:1      | Reached XP level 1. HP: 19/19 MP: 1/1
    84 | D:1      | Found a faded altar of an unknown god.
   316 | D:1      | Reached XP level 2. HP: 27/27 MP: 2/2
   401 | D:1      | You fall into a shaft and drop 1 floor!
   425 | D:2      | Reached skill level 3 in Axes
   434 | D:2      | Reached XP level 3. HP: 18/33 MP: 3/3
   621 | D:2      | Found a runed translucent door.
   622 | D:2      | Noticed Crazy Yiuf
   697 | D:2      | Reached XP level 4. HP: 23/40 MP: 4/4
   956 | D:2      | Reached skill level 4 in Axes
   976 | D:2      | Reached XP level 5. HP: 30/47 MP: 5/5
  1192 | D:2      | Found Otuikhu's General Store.
  1197 | D:2      | Bought a scroll of identify for 20 gold pieces
  1321 | D:2      | Killed Crazy Yiuf
  1838 | D:3      | Reached skill level 5 in Axes
  2072 | D:3      | Noticed a kobold brigand
  2082 | D:3      | Killed a kobold brigand
  2083 | D:3      | Reached skill level 1 in Dodging
  2083 | D:3      | Reached XP level 6. HP: 50/53 MP: 6/6
  2338 | D:3      | Reached skill level 6 in Axes
  2606 | D:4      | Reached skill level 5 in Armour
  2689 | D:4      | Found a sacrificial altar of Ru.
  2691 | D:4      | Found a shadowy altar of Dithmenos.
  2695 | D:4      | Found a snail-covered altar of Cheibriados.
  2743 | D:4      | Became a worshipper of Beogh the Brigand
  2805 | D:4      | Reached XP level 7. HP: 53/55 MP: 7/7
  2982 | D:4      | Reached skill level 7 in Axes
  3004 | D:4      | Noticed a +0 dagger
  3004 | D:4      | Noticed a +0 spear
  3005 | D:4      | Noticed a +0 short sword
  3006 | D:4      | Noticed a +0 spear
  3008 | D:4      | Noticed a +0 short sword
  3029 | D:4      | Noticed a +0 falchion
  3031 | D:4      | Noticed a +0 dagger
  3031 | D:4      | Noticed a +0 falchion
  3181 | D:4      | Found a staircase to the Ecumenical Temple.
  3247 | D:4      | Found a hide-covered altar of Uskayaw.
  3257 | D:5      | Entered Level 5 of the Dungeon
  3273 | D:5      | Reached skill level 8 in Axes
  3295 | D:5      | Reached * piety under Beogh
  3296 | D:5      | Reached skill level 5 in Fighting
  3296 | D:5      | Reached XP level 8. HP: 67/68 MP: 8/8
  3407 | D:5      | Reached skill level 9 in Axes
  3427 | D:5      | Noticed Blork the orc
  3433 | D:5      | Killed Blork the orc
  3556 | D:5      | Noticed Ijyb
  3564 | D:5      | Killed Ijyb
  3784 | D:6      | Found a radiant altar of Vehumet.
  3804 | D:6      | Found a broken altar of Ashenzari.
  3809 | D:6      | Reached skill level 10 in Axes
  3897 | D:6      | Found a broken altar of Ashenzari.
  3916 | D:6      | Reached XP level 9. HP: 74/74 MP: 9/9
  4048 | D:6      | Reached skill level 11 in Axes
  4058 | D:6      | Reached ** piety under Beogh
  4149 | D:6      | Found a white marble altar of Elyvilon.
  4183 | D:6      | Found a bloodstained altar of Trog.
  4183 | D:6      | Found an iron altar of Okawaru.
  4342 | D:6      | Found a glowing golden altar of the Shining One.
  4342 | D:6      | Found a broken altar of Ashenzari.
  4351 | D:6      | Found a shimmering blue altar of Sif Muna.
  4353 | D:6      | Found a stormy altar of Qazlal.
  4355 | D:6      | Found an ancient bone altar of Kikubaaqudgha.
  4784 | D:7      | Reached skill level 5 in Shields
  4861 | D:7      | Reached skill level 12 in Axes
  4887 | D:7      | Found Wykk's Distillery.
  4895 | D:7      | Bought a potion of mutation for 104 gold pieces
  5072 | D:7      | Identified the +6 rapier of Zeoforol {vamp, *Corrode Str+2
                  | Dex+4}
  5685 | D:8      | Found Ysaschyir's Self-Improvement Boutique.
  5695 | D:8      | Reached XP level 10. HP: 53/84 MP: 10/10
  5695 | D:8      | Noticed Grum
  5736 | D:8      | Reached skill level 1 in Stealth
  5994 | D:8      | Reached skill level 13 in Axes
  6081 | D:8      | Found a staircase to the Lair.
  6346 | D:8      | Killed Grum
  6471 | D:8      | Reached *** piety under Beogh
  6690 | D:8      | Found Hace's Fire Supplies.
  6862 | D:9      | Found a staircase to the Orcish Mines.
  6868 | D:9      | Reached skill level 1 in Evocations
  6883 | D:9      | Gained Marbork as an ally
  6888 | D:9      | Reached **** piety under Beogh
  6904 | D:9      | Reached skill level 14 in Axes
  7042 | D:9      | Reached skill level 5 in Dodging
  7203 | D:9      | Reached XP level 11. HP: 86/95 MP: 11/11
  7277 | D:9      | Noticed a two-headed ogre
  7287 | D:9      | Killed a two-headed ogre
  7301 | D:10     | Entered Level 10 of the Dungeon
  7327 | D:10     | Noticed Fannar
  7337 | D:10     | HP: 3/95 [centaur/arrow (12)]
  7625 | Orc:1    | Entered Level 1 of the Orcish Mines
  7750 | Orc:1    | Noticed a two-headed ogre
  7756 | Orc:1    | Killed a two-headed ogre
  7777 | Orc:1    | Found a dark tunnel.
  7777 | Orc:1    | Noticed a lindwurm
  7784 | Orc:1    | Killed a lindwurm
  7882 | Volcano  | Entered a volcano
  7897 | Volcano  | Noticed a salamander
  7897 | Volcano  | Noticed a salamander
  7897 | Volcano  | Noticed a hell hog
  7915 | Orc:1    | Killed a hell hog
  7916 | Orc:1    | Reached skill level 15 in Axes
  8452 | Orc:2    | Entered Level 2 of the Orcish Mines
  8467 | Orc:2    | Reached ***** piety under Beogh
  8467 | Orc:2    | Noticed an orc knight
  8483 | Orc:2    | Noticed an orc sorcerer
  8488 | Orc:2    | Noticed an orc high priest
  8489 | Orc:2    | Noticed an orc sorcerer
  8490 | Orc:2    | Noticed an orc knight
  8490 | Orc:2    | Noticed an orc knight
  8492 | Orc:2    | Killed an orc sorcerer
  8492 | Orc:2    | Killed from afar by an orc sorcerer

Illustrated notes

Levels and vault maps discovered:
D:1:      matt_arrival_spirals, layout_loops_cross, shapermc_ecumenical_altar_gd
D:2:      layout_basic, serial_shops, nicolae_shop_rolling_square,
          minmay_strange_pillars, minmay_circled_x, uniq_crazy_yiuf_cottage
D:3:      cheibrodos_thug_alley, layout_loops_cross
D:4:      layout_basic, grunt_temple_overflow_diamond,
          nicolae_uskayaw_en_pointe, minmay_temple_entry_enclosed_plants
D:5:      layout_cave_pools, uniq_menkaure, uniq_blork_the_orc, uniq_ijyb
D:6:      layout_cave_pools, kennysheep_mini, nicolae_vehumet_altar_sigil,
          chequers_temple_overflow_minitemple, grunt_temple_overflow_bloody_war,
          chequers_serial_rivers_small_b, hangedman_feature_mirror,
          hangedman_decor_push, hangedman_decor_points, minmay_bent
D:7:      layout_layer_cave, serial_shops, shop
D:8:      layout_cave_pools, erik_lair_island, chequers_arboretum,
          nicolae_shop_fire_sale [nicolae_sub_dead_trees],
          nicolae_shop_self_help, uniq_grum
D:9:      layout_rooms, zombieorc2_lemuel
D:10:     layout_cave_pools, uniq_fannar
Orc:1:    layout_caves, nicolae_volcano_entry_vermiform
Orc:2:    grunt_orc_tribal_feast, layout_caves, special_room

Skill      XL: |  1  2  3  4  5  6  7  8  9 10 11 |
---------------+----------------------------------+-----
Axes           | 3 4 5 6 8 10 12 14 15 | 15.2
Fighting       | 4 5 6 8 9 |  9.3
Shields        | 4 5 6 |  6.3
Armour         | 4 5 6 7 8 |  8.0
Dodging        | 1 2 3 5 |  5.2
Stealth        | 2 |  2.6
Evocations     | 1 |  1.0

Action                     |  1- 3 |  4- 6 |  7- 9 | 10-12 || total
---------------------------+-------+-------+-------+-------++-------
  Melee: War axe           |    75 |   154 |   195 |   213 ||   637
 Invoke: Convert to Beogh  |       |     1 |       |       ||     1
         Recall Orcish Fol |       |       |       |     1 ||     1
  Evoke: Wand              |       |       |       |     6 ||     6
    Use: Scroll            |       |    10 |     5 |     8 ||    23
         Potion            |       |     1 |       |    11 ||    12
   Stab: Distracted        |       |       |       |     2 ||     2
 Armour: Scale mail        |    56 |    88 |   113 |       ||   257
         Steam dragon scal |       |       |    22 |    89 ||   111
         Plate armour      |       |       |       |     5 ||     5
  Dodge: Dodged            |    57 |    89 |   106 |   140 ||   392
  Block: Buckler           |    26 |    31 |    46 |    60 ||   163
